Penguins vs Panthers

Created - February 23, 2017 at 18:21

Goals
1 2 3 OT1 SO T
Penguins 2 1 2 0 2 6
Panthers 1 2 2 0 1 5
Shots
1 2 3 OT1 SO T
Penguins 14 6 8 3 5 31
Panthers 10 7 11 2 5 30

1st period

1. Penguins , Ryan Callahan 12 (David Perron, Luke Glendening) at 6:25
2. Penguins , David Perron 10 (Mark Barberio, Alexander Wennberg) at 8:43
3. Panthers , Matt Duchene 23 (Danny DeKeyser, Nikolaj Ehlers) at 9:03

Penalties :
Jacob Trouba (FLA) for Slashing (Minor) at 6:33, Jakub Voracek (PIT) for Hooking (Minor) at 6:33

2nd period

4. Panthers , Danny DeKeyser 6 (Matt Duchene, Jacob Trouba) at 7:22
5. Penguins , Ryan Callahan 13 (Luke Glendening, David Perron) at 12:13
6. Panthers , Patrick Kane 36 (T.J. Brodie, Reid Boucher) at 17:48

Penalties :
Justin Braun (FLA) for Hooking (Minor) at 1:35

3rd period

7. Penguins , Ryan Suter 5 (Phil Kessel, Alexander Wennberg) at 1:59
8. Panthers , Artem Anisimov 21 (Jesper Fast, Alex Tanguay) at 6:13
9. Penguins , Brandon Saad 25 (William Nylander, Jakub Voracek) at 7:11
10. Panthers , Matt Duchene 24 (T.J. Brodie, Mikkel Boedker) at 13:36

Penalties :
No Penalty

Overtime #1

No Goal

Penalties :
No Penalty

Shootout

Penalty Shot by Nathan MacKinnon for Penguins - Shot Misses the Net
Penalty Shot by Vladimir Tarasenko for Panthers - Goal!
Penalty Shot by Alexander Wennberg for Penguins - Stopped by Philipp Grubauer
Penalty Shot by Jesper Fast for Panthers - Shot Misses the Net
Penalty Shot by David Perron for Penguins - Goal!
Penalty Shot by Pavel Datsyuk for Panthers - Shot Misses the Net
Penalty Shot by Brandon Saad for Penguins - Stopped by Philipp Grubauer
Penalty Shot by Matt Duchene for Panthers - Stopped by Ryan Miller
Penalty Shot by Phil Kessel for Penguins - Goal!
Penalty Shot by Artem Anisimov for Panthers - Shot Misses the Net

Penalties :
No Penalty

Goalie Stats

Ryan Miller (PIT), 25 saves from 30 shots - (0.833), W, 18-22-3, 65:00 minutes
Philipp Grubauer (FLA), 26 saves from 31 shots - (0.839), OTL, 3-2-2, 65:00 minutes

Players Stats for Penguins

Player Name              G  A  P  +/- PIM S  H  SB GA TA FO     MP     PP MP  PK MP  
------------------------------------------------------------------------------------
Alexander Wennberg       0  2  2  -1  0   7  0  1  0  0  13/27  21:40   0:46   0:00 
Brandon Saad             1  0  1  -1  0   1  0  0  0  0  2/2    20:03   1:13   0:00 
Daniel Paille            0  0  0  -1  0   0  0  0  0  0  0/0     7:42   0:00   0:00 
David Perron             1  2  3   3  0   4  0  0  0  0  0/1    12:43   0:00   0:00 
David Savard             0  0  0  -2  0   1  0  0  0  0  0/0    23:47   0:46   0:00 
Jacob De La Rose         0  0  0  -1  0   1  1  0  0  0  6/11    7:42   0:00   0:00 
Jakub Voracek            0  1  1  -1  2   1  0  0  0  0  2/3    20:10   1:13   0:00 
Luke Glendening          0  2  2   3  0   5  0  0  0  0  12/18  12:43   0:00   0:00 
Mark Barberio            0  1  1   1  0   0  0  1  0  0  0/0    14:46   0:00   0:00 
Mark Giordano            0  0  0  -2  0   0  1  0  0  0  0/0    22:21   0:46   0:00 
Nathan MacKinnon         0  0  0  -1  0   4  2  0  0  0  3/8    22:47   0:46   0:00 
Oliver Bjorkstrand       0  0  0  -1  0   1  0  0  0  0  0/0     7:42   0:00   0:00 
Olli Maatta              0  0  0   1  0   0  0  1  0  0  0/0    14:33   0:00   0:00 
Phil Kessel              0  1  1  -1  0   3  2  0  0  0  0/0    23:32   0:46   0:00 
Ryan Callahan            2  0  2   3  0   2  0  0  0  0  1/2    12:43   0:00   0:00 
Ryan Suter               1  0  1   1  0   1  1  2  0  0  0/0    27:12   1:13   0:00 
Victor Hedman            0  0  0   1  0   0  0  3  0  0  0/0    27:21   1:13   0:00 
William Nylander         0  1  1  -1  0   0  0  0  0  0  7/21   18:33   1:13   0:00 

Players Stats for Panthers

Player Name              G  A  P  +/- PIM S  H  SB GA TA FO     MP     PP MP  PK MP  
------------------------------------------------------------------------------------
Alex Tanguay             0  1  1   0  0   1  0  0  0  0  0/1    14:52   0:00   0:58 
Artem Anisimov           1  0  1   0  0   3  0  0  0  0  12/22  18:39   0:00   0:58 
Danny DeKeyser           1  1  2   3  0   1  1  0  0  0  0/0    22:36   0:00   0:29 
Jacob Trouba             0  1  1   3  2   0  2  4  0  0  0/0    23:11   0:00   1:30 
Jesper Fast              0  1  1   1  0   1  3  0  0  0  1/4    19:37   0:00   1:01 
Joe Thornton             0  0  0   0  0   2  1  0  0  0  12/25  18:44   0:00   0:00 
Joe Vitale               0  0  0   0  0   0  0  0  0  0  0/0     0:00   0:00   0:00 
Justin Braun             0  0  0  -3  2   0  3  2  0  0  0/0    24:42   0:00   0:00 
Matt Duchene             2  1  3  -1  0   6  1  0  0  0  12/20  20:57   0:00   1:01 
Mikkel Boedker           0  1  1  -1  0   4  1  0  0  0  2/5    21:23   0:00   0:00 
Nikolaj Ehlers           0  1  1  -1  0   5  0  0  0  0  1/1    19:35   0:00   0:00 
Patrick Kane             1  0  1   1  0   1  0  0  0  0  3/7     4:42   0:00   0:00 
Pavel Datsyuk            0  0  0   0  0   1  3  1  0  0  3/6    22:15   0:00   0:00 
Reid Boucher             0  1  1   1  0   0  0  1  0  0  0/0     4:42   0:00   0:00 
T.J. Brodie              0  2  2  -3  0   0  0  2  0  0  0/0    23:08   0:00   0:02 
Trevor van Riemsdyk      0  0  0   0  0   0  1  0  0  0  0/0    17:26   0:00   0:27 
Tyler Myers              0  0  0   0  0   0  2  3  0  0  0/0    18:55   0:00   1:30 
Vladimir Tarasenko       0  0  0   0  0   5  0  0  0  0  1/2    20:36   0:00   0:00 

3 Stars

1 - Ryan Callahan (PIT)
2 - David Perron (PIT)
3 - Matt Duchene (FLA)

Power Play

Penguins - 0 on 1 Attempt(s) - 0.00%
Panthers - 0 on 0 Attempt(s) - 0.00%

Penalty Kill

Penguins - 0 on 0 Attempt(s) - 0.00% - Score 0 goal in Penalty Kill
Panthers - 1 on 1 Attempt(s) - 100.00% - Score 0 goal in Penalty Kill

Team Stat

Penguins - Hits : 7 - Faceoff Wins : 46 - Blocked Shots : 8 - Penalty Minutes : 2
Panthers - Hits : 18 - Faceoff Wins : 47 - Blocked Shots : 13 - Penalty Minutes : 4

Official

Referees : Dean Morton and Justin StPierre
Linesman : Ryan Galloway and Don Henderson

Game Notes

No Game Note

Finance

Level 1 -- Attendance: 6000 (100.00%) -- Ticket Income $642,000
Level 2 -- Attendance: 4620 (92.40%) -- Ticket Income $346,500
Level 3 -- Attendance: 2953 (84.37%) -- Ticket Income $144,697
Level 4 -- Attendance: 3069 (81.84%) -- Ticket Income $70,587
Luxury Box -- Attendance: 1000 (100.00%) -- Ticket Income $203,000
Game was played at the BBT Center.
Total Attendance: 17642 (91.65%)
Total Ticket Income: $1,406,784
Other Income: $211,018
Total Income: $1,617,802

% Time on Ice - Penguins

Lines # - Real PCT - Wanted PCT - Time Play
Normal Forward
1 - 33% - 33% - 18:17
2 - 31% - 33% - 17:20
3 - 23% - 23% - 12:43
4 - 14% - 11% - 7:42
Normal Defense
1 - 38% - 40% - 21:32
2 - 36% - 35% - 19:57
3 - 26% - 25% - 14:33
4 - 0% - 0% - 0:00
PP Forward
1 - 39% - 60% - 0:46
2 - 61% - 40% - 1:13
PP Defense
1 - 61% - 60% - 1:13
2 - 39% - 40% - 0:46
PK Forward
1 - 0% - 60%
2 - 0% - 40%
PK Defense
1 - 0% - 60%
2 - 0% - 40%
PK3 Forward
1 - 0% - 60%
2 - 0% - 40%
PK3 Defense
1 - 0% - 60%
2 - 0% - 40%
44 Forward
1 - 89% - 60% - 1:46
2 - 11% - 40% - 0:13
44 Defense
1 - 82% - 60% - 1:38
2 - 18% - 40% - 0:21
Last Minute Offensive  - 0:00
Last Minute Defensive  - 0:00
Total
Forward - 60:00
Defense - 60:00

% Time on Ice - Panthers

Lines # - Real PCT - Wanted PCT - Time Play
Normal Forward
1 - 35% - 37% - 19:32
2 - 32% - 33% - 17:54
3 - 25% - 25% - 13:54
4 - 8% - 5% - 4:42
Normal Defense
1 - 36% - 40% - 20:12
2 - 34% - 35% - 19:15
3 - 27% - 25% - 15:02
4 - 3% - 0% - 1:33
PP Forward
1 - 0% - 50%
2 - 0% - 50%
PP Defense
1 - 0% - 60%
2 - 0% - 40%
PK Forward
1 - 51% - 50% - 1:01
2 - 49% - 50% - 0:58
PK Defense
1 - 98% - 60% - 1:57
2 - 2% - 40% - 0:02
PK3 Forward
1 - 0% - 60%
2 - 0% - 40%
PK3 Defense
1 - 0% - 60%
2 - 0% - 40%
44 Forward
1 - 80% - 60% - 1:35
2 - 20% - 40% - 0:24
44 Defense
1 - 80% - 60% - 1:35
2 - 20% - 40% - 0:24
Last Minute Offensive  - 0:00
Last Minute Defensive  - 0:00
Total
Forward - 60:00
Defense - 60:00

Play by Play

1st period


0:01 of 1st period - Matt Duchene wins face-off versus Alexander Wennberg in neutral zone.
0:26 of 1st period - Shot by Mikkel Boedker.
0:26 of 1st period - Shot Misses the Net.
0:28 of 1st period - Shot by Justin Braun.
0:28 of 1st period - Shot Blocked by Ryan Suter.
0:30 of 1st period - Shot by Justin Braun.
0:30 of 1st period - Shot Blocked by Victor Hedman.
0:32 of 1st period - Shot by Nikolaj Ehlers.
0:32 of 1st period - Stopped by Ryan Miller without a rebound.
0:33 of 1st period - Joe Thornton wins face-off versus William Nylander in Penguins zone.
0:50 of 1st period - Shot by Jakub Voracek.
0:50 of 1st period - Stopped by Philipp Grubauer without a rebound.
0:51 of 1st period - Luke Glendening wins face-off versus Jesper Fast in Panthers zone.
1:51 of 1st period - Icing by Olli Maatta.
1:52 of 1st period - Luke Glendening wins face-off versus Joe Thornton in Penguins zone.
2:21 of 1st period - William Nylander is hit by Danny DeKeyser and loses puck.
2:25 of 1st period - Brandon Saad is hit by Jacob Trouba.
3:02 of 1st period - Off-side.
3:03 of 1st period - Alexander Wennberg wins face-off versus Matt Duchene in neutral zone.
3:34 of 1st period - Shot by Alexander Wennberg.
3:34 of 1st period - Stopped by Philipp Grubauer with a rebound.
3:36 of 1st period - Shot by Nathan MacKinnon.
3:36 of 1st period - Stopped by Philipp Grubauer without a rebound.
3:37 of 1st period - Jacob De La Rose wins face-off versus Jesper Fast in Panthers zone.
3:40 of 1st period - Shot by Daniel Paille.
3:40 of 1st period - Shot Misses the Net.
3:42 of 1st period - Shot by Jacob De La Rose.
3:42 of 1st period - Stopped by Philipp Grubauer without a rebound.
3:43 of 1st period - Patrick Kane wins face-off versus Jacob De La Rose in Panthers zone.
5:02 of 1st period - Shot by William Nylander.
5:02 of 1st period - Shot Blocked by Reid Boucher.
5:14 of 1st period - Shot by William Nylander.
5:14 of 1st period - Shot Blocked by Tyler Myers.
5:53 of 1st period - Nathan MacKinnon is hit by Tyler Myers and loses puck.
6:00 of 1st period - Shot by Phil Kessel.
6:00 of 1st period - Stopped by Philipp Grubauer without a rebound.
6:01 of 1st period - Matt Duchene wins face-off versus Ryan Callahan in Panthers zone.
6:15 of 1st period - Shot by Luke Glendening.
6:15 of 1st period - Shot Misses the Net.
6:25 of 1st period - Shot by Ryan Callahan.
6:25 of 1st period - Goal by Ryan Callahan - Penguins : 1 - Panthers : 0.
6:26 of 1st period - Joe Thornton wins face-off versus Jakub Voracek in neutral zone.
6:33 of 1st period - Minor Penalty to Jacob Trouba for Slashing.
6:33 of 1st period - Minor Penalty to Jakub Voracek for Hooking.
6:34 of 1st period - Artem Anisimov wins face-off versus Nathan MacKinnon in Panthers zone.
6:47 of 1st period - Shot by Artem Anisimov.
6:47 of 1st period - Shot Misses the Net.
7:09 of 1st period - Shot by Nathan MacKinnon.
7:09 of 1st period - Stopped by Philipp Grubauer without a rebound.
7:10 of 1st period - Artem Anisimov wins face-off versus Nathan MacKinnon in Panthers zone.
7:14 of 1st period - Off-side.
7:15 of 1st period - Artem Anisimov wins face-off versus Nathan MacKinnon in neutral zone.
7:17 of 1st period - Off-side.
7:18 of 1st period - Artem Anisimov wins face-off versus Nathan MacKinnon in neutral zone.
8:17 of 1st period - Shot by Vladimir Tarasenko.
8:17 of 1st period - Shot Misses the Net.
8:19 of 1st period - Shot by Vladimir Tarasenko.
8:19 of 1st period - Stopped by Ryan Miller without a rebound.
8:20 of 1st period - Alexander Wennberg wins face-off versus Artem Anisimov in Penguins zone.
8:43 of 1st period - Shot by David Perron.
8:43 of 1st period - Goal by David Perron - Penguins : 2 - Panthers : 0.
8:44 of 1st period - Nikolaj Ehlers wins face-off versus William Nylander in neutral zone.
9:03 of 1st period - Shot by Matt Duchene.
9:03 of 1st period - Goal by Matt Duchene - Penguins : 2 - Panthers : 1.
9:04 of 1st period - Joe Thornton wins face-off versus Luke Glendening in neutral zone.
9:08 of 1st period - Off-side.
9:09 of 1st period - William Nylander wins face-off versus Artem Anisimov in neutral zone.
10:18 of 1st period - Icing by Victor Hedman.
10:19 of 1st period - William Nylander wins face-off versus Joe Thornton in Penguins zone.
10:35 of 1st period - Shot by Pavel Datsyuk.
10:35 of 1st period - Stopped by Ryan Miller without a rebound.
10:36 of 1st period - Alexander Wennberg wins face-off versus Matt Duchene in Penguins zone.
10:57 of 1st period - Shot by Matt Duchene.
10:57 of 1st period - Shot Misses the Net.
10:59 of 1st period - Shot by Mikkel Boedker.
10:59 of 1st period - Stopped by Ryan Miller without a rebound.
11:00 of 1st period - Luke Glendening wins face-off versus Joe Thornton in Penguins zone.
11:07 of 1st period - Shot by Vladimir Tarasenko.
11:07 of 1st period - Stopped by Ryan Miller without a rebound.
11:08 of 1st period - Vladimir Tarasenko wins face-off versus Luke Glendening in Penguins zone.
11:21 of 1st period - Shot by David Perron.
11:21 of 1st period - Stopped by Philipp Grubauer without a rebound.
11:22 of 1st period - Matt Duchene wins face-off versus Alexander Wennberg in Panthers zone.
11:22 of 1st period - Matt Duchene is hit by Phil Kessel.
11:27 of 1st period - Off-side.
11:28 of 1st period - Matt Duchene wins face-off versus Alexander Wennberg in neutral zone.
11:28 of 1st period - Matt Duchene is hit by Phil Kessel.
11:42 of 1st period - Shot by Mikkel Boedker.
11:42 of 1st period - Stopped by Ryan Miller without a rebound.
11:43 of 1st period - Jacob De La Rose wins face-off versus Vladimir Tarasenko in Penguins zone.
11:43 of 1st period - Jacob De La Rose is hit by Joe Thornton.
11:54 of 1st period - Oliver Bjorkstrand is hit by Jacob Trouba.
12:06 of 1st period - Shot by Pavel Datsyuk.
12:06 of 1st period - Deflect By Vladimir Tarasenko.
12:06 of 1st period - Shot Misses the Net.
13:02 of 1st period - Shot by Matt Duchene.
13:02 of 1st period - Stopped by Ryan Miller without a rebound.
13:03 of 1st period - Luke Glendening wins face-off versus Artem Anisimov in Penguins zone.
13:18 of 1st period - Shot by David Perron.
13:18 of 1st period - Stopped by Philipp Grubauer without a rebound.
13:19 of 1st period - Matt Duchene wins face-off versus William Nylander in Panthers zone.
14:37 of 1st period - Shot by Alex Tanguay.
14:37 of 1st period - Deflect By Artem Anisimov.
14:37 of 1st period - Stopped by Ryan Miller without a rebound.
14:38 of 1st period - Alexander Wennberg wins face-off versus Joe Thornton in Penguins zone.
14:45 of 1st period - Shot by Ryan Suter.
14:45 of 1st period - Shot Blocked by Jacob Trouba.
14:51 of 1st period - Shot by Alexander Wennberg.
14:51 of 1st period - Stopped by Philipp Grubauer without a rebound.
14:52 of 1st period - Luke Glendening wins face-off versus Patrick Kane in Panthers zone.
15:10 of 1st period - Icing by Patrick Kane.
15:11 of 1st period - Alexander Wennberg wins face-off versus Patrick Kane in Panthers zone.
15:57 of 1st period - Shot by Nathan MacKinnon.
15:57 of 1st period - Deflect By Phil Kessel.
15:57 of 1st period - Stopped by Philipp Grubauer with a rebound.
16:07 of 1st period - Shot by Luke Glendening.
16:07 of 1st period - Stopped by Philipp Grubauer with a rebound.
16:09 of 1st period - Shot by David Perron.
16:09 of 1st period - Shot Blocked by Jacob Trouba.
16:17 of 1st period - Shot by Nikolaj Ehlers.
16:17 of 1st period - Stopped by Ryan Miller without a rebound.
16:18 of 1st period - Joe Thornton wins face-off versus William Nylander in Penguins zone.
16:34 of 1st period - Icing by Joe Thornton.
16:35 of 1st period - Joe Thornton wins face-off versus David Perron in Panthers zone.
17:19 of 1st period - Icing by Olli Maatta.
17:20 of 1st period - Luke Glendening wins face-off versus Matt Duchene in Penguins zone.
17:20 of 1st period - Luke Glendening is hit by Matt Duchene.
17:42 of 1st period - Icing by Victor Hedman.
17:43 of 1st period - Alexander Wennberg wins face-off versus Artem Anisimov in Penguins zone.
18:04 of 1st period - Shot by Nathan MacKinnon.
18:04 of 1st period - Stopped by Philipp Grubauer without a rebound.
18:05 of 1st period - Mikkel Boedker wins face-off versus William Nylander in Panthers zone.
18:48 of 1st period - Shot by Jakub Voracek.
18:48 of 1st period - Shot Blocked by Justin Braun.
18:50 of 1st period - Shot by David Savard.
18:50 of 1st period - Shot Blocked by T.J. Brodie.
19:01 of 1st period - Off-side.
19:02 of 1st period - Artem Anisimov wins face-off versus Alexander Wennberg in neutral zone.
19:17 of 1st period - Icing by Jacob Trouba.
19:18 of 1st period - Jacob De La Rose wins face-off versus Artem Anisimov in Panthers zone.
19:41 of 1st period - Alex Tanguay is hit by Jacob De La Rose.
Goals for this period are 2 for Penguins vs 1 for Panthers.
Shots for this period are 14 for Penguins vs 10 for Panthers.

2nd period


0:01 of 2nd period - Joe Thornton wins face-off versus Alexander Wennberg in neutral zone.
0:27 of 2nd period - Shot by Vladimir Tarasenko.
0:27 of 2nd period - Shot Misses the Net.
0:44 of 2nd period - Victor Hedman is hit by Pavel Datsyuk and loses puck.
0:50 of 2nd period - Phil Kessel is hit by Justin Braun and loses puck.
1:22 of 2nd period - Shot by Luke Glendening.
1:22 of 2nd period - Shot Misses the Net.
1:24 of 2nd period - Shot by Luke Glendening.
1:24 of 2nd period - Shot Misses the Net.
1:26 of 2nd period - Shot by Luke Glendening.
1:26 of 2nd period - Shot Misses the Net.
1:35 of 2nd period - Minor Penalty to Justin Braun for Hooking.
1:36 of 2nd period - Matt Duchene wins face-off versus William Nylander in Panthers zone.
2:03 of 2nd period - Shot by Matt Duchene.
2:03 of 2nd period - Stopped by Ryan Miller with a rebound.
3:51 of 2nd period - Shot by Matt Duchene.
3:51 of 2nd period - Stopped by Ryan Miller without a rebound.
3:52 of 2nd period - Patrick Kane wins face-off versus Jacob De La Rose in Penguins zone.
3:53 of 2nd period - Shot by Reid Boucher.
3:53 of 2nd period - Shot Misses the Net.
4:27 of 2nd period - Off-side.
4:28 of 2nd period - Luke Glendening wins face-off versus Joe Thornton in neutral zone.
4:41 of 2nd period - Shot by David Perron.
4:41 of 2nd period - Shot Misses the Net.
4:43 of 2nd period - Shot by Mark Giordano.
4:43 of 2nd period - Shot Misses the Net.
4:57 of 2nd period - Shot by Ryan Callahan.
4:57 of 2nd period - Deflect By David Perron.
4:57 of 2nd period - Shot Misses the Net.
4:59 of 2nd period - Shot by Luke Glendening.
4:59 of 2nd period - Shot Blocked by Tyler Myers.
5:18 of 2nd period - Icing by Trevor van Riemsdyk.
5:19 of 2nd period - Joe Thornton wins face-off versus Alexander Wennberg in Panthers zone.
5:19 of 2nd period - Joe Thornton is hit by Nathan MacKinnon.
5:58 of 2nd period - Off-side.
5:59 of 2nd period - Artem Anisimov wins face-off versus William Nylander in neutral zone.
6:25 of 2nd period - Brandon Saad is hit by Justin Braun and loses puck.
6:53 of 2nd period - Icing by Jesper Fast.
6:54 of 2nd period - Artem Anisimov wins face-off versus Alexander Wennberg in Panthers zone.
7:09 of 2nd period - Jacob Trouba is hit by Nathan MacKinnon and loses puck.
7:20 of 2nd period - Shot by Matt Duchene.
7:20 of 2nd period - Shot Blocked by Victor Hedman.
7:22 of 2nd period - Shot by Danny DeKeyser.
7:22 of 2nd period - Goal by Danny DeKeyser - Penguins : 2 - Panthers : 2.
7:23 of 2nd period - Joe Thornton wins face-off versus Luke Glendening in neutral zone.
8:32 of 2nd period - Shot by Brandon Saad.
8:32 of 2nd period - Shot Misses the Net.
8:52 of 2nd period - Shot by Matt Duchene.
8:52 of 2nd period - Stopped by Ryan Miller without a rebound.
8:53 of 2nd period - Alexander Wennberg wins face-off versus Artem Anisimov in Penguins zone.
9:00 of 2nd period - Shot by Alexander Wennberg.
9:00 of 2nd period - Stopped by Philipp Grubauer with a rebound.
9:14 of 2nd period - Shot by Jesper Fast.
9:14 of 2nd period - Shot Blocked by Mark Barberio.
9:16 of 2nd period - Shot by Jesper Fast.
9:16 of 2nd period - Shot Blocked by Olli Maatta.
9:18 of 2nd period - Shot by Jesper Fast.
9:18 of 2nd period - Stopped by Ryan Miller without a rebound.
9:19 of 2nd period - Jacob De La Rose wins face-off versus Joe Thornton in Penguins zone.
9:50 of 2nd period - Shot by Oliver Bjorkstrand.
9:50 of 2nd period - Stopped by Philipp Grubauer with a rebound.
9:52 of 2nd period - Shot by Daniel Paille.
9:52 of 2nd period - Shot Hit the Post.
10:36 of 2nd period - Off-side.
10:37 of 2nd period - Matt Duchene wins face-off versus William Nylander in neutral zone.
11:47 of 2nd period - Shot by Nathan MacKinnon.
11:47 of 2nd period - Stopped by Philipp Grubauer without a rebound.
11:48 of 2nd period - Luke Glendening wins face-off versus Jesper Fast in Panthers zone.
11:53 of 2nd period - Shot by David Perron.
11:53 of 2nd period - Stopped by Philipp Grubauer without a rebound.
11:54 of 2nd period - Luke Glendening wins face-off versus Artem Anisimov in Panthers zone.
12:13 of 2nd period - Shot by Luke Glendening.
12:13 of 2nd period - Deflect By Ryan Callahan.
12:13 of 2nd period - Goal by Ryan Callahan - Penguins : 3 - Panthers : 2.
12:14 of 2nd period - Joe Thornton wins face-off versus William Nylander in neutral zone.
13:27 of 2nd period - Shot by Nathan MacKinnon.
13:27 of 2nd period - Deflect By Alexander Wennberg.
13:27 of 2nd period - Stopped by Philipp Grubauer without a rebound.
13:28 of 2nd period - Luke Glendening wins face-off versus Mikkel Boedker in Panthers zone.
13:57 of 2nd period - Shot by Ryan Callahan.
13:57 of 2nd period - Shot Blocked by Jacob Trouba.
14:24 of 2nd period - Icing by Luke Glendening.
14:25 of 2nd period - Artem Anisimov wins face-off versus Luke Glendening in Penguins zone.
14:35 of 2nd period - Icing by Victor Hedman.
14:36 of 2nd period - Joe Thornton wins face-off versus Luke Glendening in Penguins zone.
14:41 of 2nd period - Shot by Justin Braun.
14:41 of 2nd period - Shot Misses the Net.
17:12 of 2nd period - Jesper Fast is hit by Mark Giordano and loses puck.
17:40 of 2nd period - Icing by David Savard.
17:41 of 2nd period - Patrick Kane wins face-off versus Jacob De La Rose in Penguins zone.
17:48 of 2nd period - Shot by Patrick Kane.
17:48 of 2nd period - Goal by Patrick Kane - Penguins : 3 - Panthers : 3.
17:49 of 2nd period - Alexander Wennberg wins face-off versus Joe Thornton in neutral zone.
18:03 of 2nd period - Shot by Joe Thornton.
18:03 of 2nd period - Stopped by Ryan Miller without a rebound.
18:04 of 2nd period - Jesper Fast wins face-off versus William Nylander in Penguins zone.
18:37 of 2nd period - Olli Maatta is hit by Jesper Fast and loses puck.
19:56 of 2nd period - Ryan Suter is hit by Mikkel Boedker and loses puck.
Goals for this period are 1 for Penguins vs 2 for Panthers.
Shots for this period are 6 for Penguins vs 7 for Panthers.

3rd period


0:01 of 3rd period - Matt Duchene wins face-off versus Alexander Wennberg in neutral zone.
0:15 of 3rd period - Matt Duchene is hit by Ryan Suter and loses puck.
0:36 of 3rd period - Shot by Alexander Wennberg.
0:36 of 3rd period - Stopped by Philipp Grubauer without a rebound.
0:37 of 3rd period - Artem Anisimov wins face-off versus William Nylander in Panthers zone.
1:41 of 3rd period - Shot by Vladimir Tarasenko.
1:41 of 3rd period - Stopped by Ryan Miller without a rebound.
1:42 of 3rd period - Alexander Wennberg wins face-off versus Matt Duchene in Penguins zone.
1:57 of 3rd period - Shot by Phil Kessel.
1:57 of 3rd period - Shot Misses the Net.
1:59 of 3rd period - Shot by Ryan Suter.
1:59 of 3rd period - Goal by Ryan Suter - Penguins : 4 - Panthers : 3.
2:00 of 3rd period - Luke Glendening wins face-off versus Joe Thornton in neutral zone.
2:07 of 3rd period - Olli Maatta is hit by Pavel Datsyuk and loses puck.
2:20 of 3rd period - Shot by Joe Thornton.
2:20 of 3rd period - Shot Misses the Net.
2:32 of 3rd period - Shot by Joe Thornton.
2:32 of 3rd period - Stopped by Ryan Miller without a rebound.
2:33 of 3rd period - Mikkel Boedker wins face-off versus Alexander Wennberg in Penguins zone.
3:00 of 3rd period - Shot by Alexander Wennberg.
3:00 of 3rd period - Stopped by Philipp Grubauer with a rebound.
3:06 of 3rd period - Shot by Nathan MacKinnon.
3:06 of 3rd period - Shot Misses the Net.
4:11 of 3rd period - Icing by Jacob Trouba.
4:12 of 3rd period - Luke Glendening wins face-off versus Alex Tanguay in Panthers zone.
4:27 of 3rd period - Shot by Luke Glendening.
4:27 of 3rd period - Stopped by Philipp Grubauer without a rebound.
4:28 of 3rd period - Jacob De La Rose wins face-off versus Joe Thornton in Panthers zone.
4:28 of 3rd period - Victor Hedman is hit by Trevor van Riemsdyk and loses puck.
4:50 of 3rd period - Shot by Pavel Datsyuk.
4:50 of 3rd period - Deflect By Vladimir Tarasenko.
4:50 of 3rd period - Shot Blocked by Ryan Suter.
4:55 of 3rd period - Oliver Bjorkstrand is hit by Pavel Datsyuk and loses puck.
5:23 of 3rd period - Ryan Suter is hit by Tyler Myers and loses puck.
6:13 of 3rd period - Shot by Artem Anisimov.
6:13 of 3rd period - Goal by Artem Anisimov - Penguins : 4 - Panthers : 4.
6:14 of 3rd period - William Nylander wins face-off versus Matt Duchene in neutral zone.
6:29 of 3rd period - Shot by Matt Duchene.
6:29 of 3rd period - Shot Misses the Net.
6:33 of 3rd period - Shot by Mikkel Boedker.
6:33 of 3rd period - Stopped by Ryan Miller without a rebound.
6:34 of 3rd period - Ryan Callahan wins face-off versus Patrick Kane in Penguins zone.
6:42 of 3rd period - Shot by Luke Glendening.
6:42 of 3rd period - Stopped by Philipp Grubauer without a rebound.
6:43 of 3rd period - William Nylander wins face-off versus Mikkel Boedker in Panthers zone.
6:43 of 3rd period - William Nylander is hit by Justin Braun.
6:53 of 3rd period - Shot by David Savard.
6:53 of 3rd period - Shot Misses the Net.
6:59 of 3rd period - Shot by Jakub Voracek.
6:59 of 3rd period - Deflect By William Nylander.
6:59 of 3rd period - Shot Misses the Net.
7:01 of 3rd period - Shot by Brandon Saad.
7:01 of 3rd period - Shot Blocked by T.J. Brodie.
7:11 of 3rd period - Shot by Brandon Saad.
7:11 of 3rd period - Goal by Brandon Saad - Penguins : 5 - Panthers : 4.
7:12 of 3rd period - Artem Anisimov wins face-off versus Alexander Wennberg in neutral zone.
8:08 of 3rd period - Nathan MacKinnon is hit by Jesper Fast and loses puck.
8:35 of 3rd period - Shot by Nikolaj Ehlers.
8:35 of 3rd period - Stopped by Ryan Miller without a rebound.
8:36 of 3rd period - Joe Thornton wins face-off versus William Nylander in Penguins zone.
8:39 of 3rd period - Shot by Pavel Datsyuk.
8:39 of 3rd period - Shot Misses the Net.
8:50 of 3rd period - Off-side.
8:51 of 3rd period - Matt Duchene wins face-off versus Luke Glendening in neutral zone.
9:10 of 3rd period - Shot by David Perron.
9:10 of 3rd period - Shot Blocked by Justin Braun.
9:12 of 3rd period - Shot by Luke Glendening.
9:12 of 3rd period - Stopped by Philipp Grubauer without a rebound.
9:13 of 3rd period - William Nylander wins face-off versus Joe Thornton in Panthers zone.
10:37 of 3rd period - Shot by Luke Glendening.
10:37 of 3rd period - Stopped by Philipp Grubauer with a rebound.
10:45 of 3rd period - Shot by Nikolaj Ehlers.
10:45 of 3rd period - Stopped by Ryan Miller without a rebound.
10:46 of 3rd period - Artem Anisimov wins face-off versus Alexander Wennberg in Penguins zone.
10:53 of 3rd period - Shot by Alex Tanguay.
10:53 of 3rd period - Deflect By Artem Anisimov.
10:53 of 3rd period - Shot Misses the Net.
11:01 of 3rd period - Shot by Alex Tanguay.
11:01 of 3rd period - Stopped by Ryan Miller without a rebound.
11:02 of 3rd period - Jacob De La Rose wins face-off versus Patrick Kane in Penguins zone.
11:02 of 3rd period - Jacob De La Rose is hit by Jesper Fast.
11:30 of 3rd period - Icing by Daniel Paille.
11:31 of 3rd period - Matt Duchene wins face-off versus Jacob De La Rose in Penguins zone.
11:43 of 3rd period - Icing by David Savard.
11:44 of 3rd period - Joe Thornton wins face-off versus Jacob De La Rose in Penguins zone.
12:19 of 3rd period - Shot by Alexander Wennberg.
12:19 of 3rd period - Deflect By Phil Kessel.
12:19 of 3rd period - Shot Blocked by Tyler Myers.
12:33 of 3rd period - Shot by Alexander Wennberg.
12:33 of 3rd period - Shot Misses the Net.
12:35 of 3rd period - Shot by Victor Hedman.
12:35 of 3rd period - Shot Blocked by Pavel Datsyuk.
12:46 of 3rd period - Off-side.
12:47 of 3rd period - Matt Duchene wins face-off versus William Nylander in neutral zone.
12:55 of 3rd period - Off-side.
12:56 of 3rd period - Matt Duchene wins face-off versus William Nylander in neutral zone.
13:32 of 3rd period - Shot by Nikolaj Ehlers.
13:32 of 3rd period - Deflect By Mikkel Boedker.
13:32 of 3rd period - Stopped by Ryan Miller with a rebound.
13:36 of 3rd period - Shot by Matt Duchene.
13:36 of 3rd period - Goal by Matt Duchene - Penguins : 5 - Panthers : 5.
13:37 of 3rd period - Alexander Wennberg wins face-off versus Artem Anisimov in neutral zone.
14:16 of 3rd period - Shot by Alex Tanguay.
14:16 of 3rd period - Shot Misses the Net.
14:18 of 3rd period - Shot by Jacob Trouba.
14:18 of 3rd period - Shot Blocked by Alexander Wennberg.
14:20 of 3rd period - Shot by Jesper Fast.
14:20 of 3rd period - Shot Misses the Net.
15:08 of 3rd period - Shot by Joe Thornton.
15:08 of 3rd period - Shot Misses the Net.
15:45 of 3rd period - Icing by T.J. Brodie.
15:46 of 3rd period - Jakub Voracek wins face-off versus Matt Duchene in Panthers zone.
18:04 of 3rd period - Shot by Oliver Bjorkstrand.
18:04 of 3rd period - Shot Misses the Net.
18:34 of 3rd period - Shot by Joe Thornton.
18:34 of 3rd period - Shot Misses the Net.
18:36 of 3rd period - Shot by Vladimir Tarasenko.
18:36 of 3rd period - Stopped by Ryan Miller without a rebound.
18:37 of 3rd period - William Nylander wins face-off versus Matt Duchene in Penguins zone.
18:59 of 3rd period - Shot by Mikkel Boedker.
18:59 of 3rd period - Shot Blocked by Victor Hedman.
19:09 of 3rd period - Shot by Nikolaj Ehlers.
19:09 of 3rd period - Stopped by Ryan Miller without a rebound.
19:10 of 3rd period - Alexander Wennberg wins face-off versus Joe Thornton in Penguins zone.
19:14 of 3rd period - Off-side.
19:15 of 3rd period - Alexander Wennberg wins face-off versus Joe Thornton in neutral zone.
19:32 of 3rd period - Shot by Pavel Datsyuk.
19:32 of 3rd period - Shot Misses the Net.
19:55 of 3rd period - Off-side.
19:56 of 3rd period - William Nylander wins face-off versus Matt Duchene in neutral zone.
Goals for this period are 2 for Penguins vs 2 for Panthers.
Shots for this period are 8 for Penguins vs 11 for Panthers.

Overtime #1


0:01 of 1st overtime period - Pavel Datsyuk wins face-off versus Alexander Wennberg in neutral zone.
0:20 of 1st overtime period - Shot by Phil Kessel.
0:20 of 1st overtime period - Deflect By Alexander Wennberg.
0:20 of 1st overtime period - Shot Misses the Net.
0:32 of 1st overtime period - Shot by Alexander Wennberg.
0:32 of 1st overtime period - Stopped by Philipp Grubauer without a rebound.
0:33 of 1st overtime period - Artem Anisimov wins face-off versus Nathan MacKinnon in Panthers zone.
1:14 of 1st overtime period - Shot by Artem Anisimov.
1:14 of 1st overtime period - Stopped by Ryan Miller without a rebound.
1:15 of 1st overtime period - Alexander Wennberg wins face-off versus Pavel Datsyuk in Penguins zone.
1:22 of 1st overtime period - Shot by Vladimir Tarasenko.
1:22 of 1st overtime period - Stopped by Ryan Miller without a rebound.
1:23 of 1st overtime period - Nathan MacKinnon wins face-off versus Artem Anisimov in Penguins zone.
1:38 of 1st overtime period - Shot by Phil Kessel.
1:38 of 1st overtime period - Stopped by Philipp Grubauer without a rebound.
1:39 of 1st overtime period - Pavel Datsyuk wins face-off versus Alexander Wennberg in Panthers zone.
1:58 of 1st overtime period - Shot by Alexander Wennberg.
1:58 of 1st overtime period - Shot Misses the Net.
2:23 of 1st overtime period - Icing by Pavel Datsyuk.
2:24 of 1st overtime period - Brandon Saad wins face-off versus Pavel Datsyuk in Panthers zone.
2:31 of 1st overtime period - Shot by Phil Kessel.
2:31 of 1st overtime period - Deflect By Brandon Saad.
2:31 of 1st overtime period - Shot Misses the Net.
2:42 of 1st overtime period - Icing by David Savard.
2:43 of 1st overtime period - Brandon Saad wins face-off versus Joe Thornton in Penguins zone.
3:54 of 1st overtime period - Shot by Pavel Datsyuk.
3:54 of 1st overtime period - Deflect By Artem Anisimov.
3:54 of 1st overtime period - Shot Misses the Net.
4:15 of 1st overtime period - Icing by Ryan Suter.
4:16 of 1st overtime period - Nathan MacKinnon wins face-off versus Mikkel Boedker in Penguins zone.
4:20 of 1st overtime period - Icing by Victor Hedman.
4:21 of 1st overtime period - Nathan MacKinnon wins face-off versus Artem Anisimov in Penguins zone.
4:35 of 1st overtime period - Off-side.
4:36 of 1st overtime period - Jakub Voracek wins face-off versus Pavel Datsyuk in neutral zone.
4:49 of 1st overtime period - Shot by Phil Kessel.
4:49 of 1st overtime period - Deflect By Jakub Voracek.
4:49 of 1st overtime period - Shot Blocked by Jacob Trouba.
4:51 of 1st overtime period - Shot by David Savard.
4:51 of 1st overtime period - Stopped by Philipp Grubauer without a rebound.
4:52 of 1st overtime period - Pavel Datsyuk wins face-off versus Alexander Wennberg in Panthers zone.
Goals for this period are 0 for Penguins vs 0 for Panthers.
Shots for this period are 3 for Penguins vs 2 for Panthers.

ShootOut


5:00 of 1st overtime period - Penalty Shot by Nathan MacKinnon for Penguins.
5:00 of 1st overtime period - Shot Misses the Net.
5:00 of 1st overtime period - Penalty Shot by Vladimir Tarasenko for Panthers.
5:00 of 1st overtime period - Goal by Vladimir Tarasenko.
5:00 of 1st overtime period - Penalty Shot by Alexander Wennberg for Penguins.
5:00 of 1st overtime period - Stopped by Philipp Grubauer.
5:00 of 1st overtime period - Penalty Shot by Jesper Fast for Panthers.
5:00 of 1st overtime period - Shot Misses the Net.
5:00 of 1st overtime period - Penalty Shot by David Perron for Penguins.
5:00 of 1st overtime period - Goal by David Perron.
5:00 of 1st overtime period - Penalty Shot by Pavel Datsyuk for Panthers.
5:00 of 1st overtime period - Shot Misses the Net.
5:00 of 1st overtime period - Penalty Shot by Brandon Saad for Penguins.
5:00 of 1st overtime period - Stopped by Philipp Grubauer.
5:00 of 1st overtime period - Penalty Shot by Matt Duchene for Panthers.
5:00 of 1st overtime period - Stopped by Ryan Miller.
5:00 of 1st overtime period - Penalty Shot by Phil Kessel for Penguins.
5:00 of 1st overtime period - Goal by Phil Kessel.
5:00 of 1st overtime period - Penalty Shot by Artem Anisimov for Panthers.
5:00 of 1st overtime period - Shot Misses the Net.